 Dungeon Crawl Stone Soup version 0.29-a0-559-g359e09b9d1 (webtiles) character file.

Game seed: 6202005348300535346

286 Lekart the Slasher (level 6, -1/47 HPs)
             Began as a Draconian Chaos Knight on June 10, 2022.
             Was a Plaything of Xom.
             Slain by a gnoll
             ... wielding a +0 flail
             ... led by a gnoll shaman
              (3 damage)
             ... on level 5 of the Dungeon.
             The game lasted 00:06:12 (4259 turns).

Lekart the Slasher (Draconian Chaos Knight)         Turns: 4259, Time: 00:06:13

Health: -1/47      AC:  6    Str: 12    XL:     6   Next: 8%
Magic:  6/6        EV: 13    Int: 10    God:    Xom [*.....]
Gold:   265        SH:  0    Dex: 13    Spells: 2/5 levels left

rFire   . . .      SeeInvis .   a - +0 falchion (chaos)
rCold   . . .      Faith    .   (no shield)
rNeg    . . .      Spirit   .   (body armour unavailable)
rPois   +          Reflect  .   (helmet restricted)
rElec   .          Harm     .   (no cloak)
rCorr   .          Rampage  .   (no gloves)
Will    .....      Clarity  +   (no boots)
Stlth   +.........              (no amulet)
HPRegen 0.15/turn               k - ring of wizardry
MPRegen 0.10/turn               (no ring)

@: about to teleport
A: AC +6, unfitting armour, cold-blooded, clarity, dopey 1, frail 1, poison
resistance, weak 1
a: Renounce Religion


You were on level 5 of the Dungeon.
You worshipped Xom.
You were a special plaything of Xom.
You visited 2 branches of the dungeon, and saw 6 of its levels.

You collected 265 gold pieces.

Inventory:

Hand Weapons
 a - a +0 falchion of chaos (weapon)
Jewellery
 c - a +6 ring of dexterity
 e - a ring of fire
 k - a ring of wizardry (left hand)
Scrolls
 f - 3 scrolls of identify
 l - a scroll of magic mapping {unknown}
 m - a scroll of enchant weapon {unknown}
Potions
 d - 2 potions of mutation
 g - 3 potions of flight
 h - 2 potions of heal wounds {unknown}
 j - a potion of attraction {unknown}
 n - a potion of curing {unknown}
 o - a potion of haste {unknown}
 p - a potion of lignification {unknown}
Miscellaneous
 b - a piece from Xom's chessboard (7/15) (quivered)


   Skills:
 + Level 4.6 Fighting
 + Level 4.7 Long Blades
 + Level 1.0 Throwing
 + Level 3.5 Dodging
 * Level 0.4 Ice Magic
 + Level 1.3 Evocations


You had 2 spell levels left.
You knew the following spells:

 Your Spells              Type           Power      Damage    Failure   Level
a - Ozocubu's Armour      Ice            0%         N/A       34%         3

Your spell library contained the following spells:

 Spells                   Type           Power      Damage    Failure   Level
 Ignite Poison            Fire/Tmut/Pois 0%         N/A       41%         3
 Mephitic Cloud           Conj/Pois/Air  0%         N/A       41%         3
 Freezing Cloud           Conj/Ice/Air   0%         6-21      98%         5
 Ozocubu's Refrigeration  Ice            0%         4d5       100%        7


Dungeon Overview and Level Annotations

Branches:
Dungeon (5/15)             Temple (1/1) D:4

Altars:
Cheibriados
Dithmenos
Fedhas
Hepliaklqana
Kikubaaqudgha
Makhleb
Nemelex Xobeh
Okawaru
Qazlal
Ru
Sif Muna
Trog
Uskayaw
Wu Jian
Xom
Yredelemnul
Zin
The Shining One


Innate Abilities, Weirdness & Mutations

Your plain brown scales are hard. (AC +6)
You cannot fit into any form of body armour.
You are cold-blooded and may be slowed by cold attacks.
You possess an exceptional clarity of mind.
You are dopey. (Int -2)
You are frail. (-10% HP)
Your system is resistant to poisons. (rPois)
You are weak. (Str -2)


Message History

You slash the gnoll! You freeze the gnoll.
The gnoll is almost dead.
The gnoll misses you. The gnoll hits you with a +0 halberd!
You hit the gnoll.
You kill the gnoll!
The gnoll hits you but does no damage. The gnoll barely misses you.
The gnoll shaman calls upon its god to speed up the gnoll.
The gnoll seems to speed up.
Your piece from Xom's chessboard (7/15) has regained one charge.
The gnoll shaman calls upon its god to speed up the gnoll.
The gnoll seems to speed up.
The gnoll attacks as you move away! The gnoll misses you.
The gnoll attacks as you move away! The gnoll misses you.
The gnoll closely misses you. The gnoll attacks as you move away!
The gnoll hits you but does no damage. The gnoll attacks as you move away!
The gnoll hits you with a +0 flail! The gnoll hits you but does no damage.
The gnoll attacks as you move away! The gnoll hits you with a +0 flail.
The gnoll hits you with a +0 flail.
* * * LOW HITPOINT WARNING * * *
The gnoll hits you but does no damage. The gnoll attacks as you move away!
The gnoll hits you with a +0 flail.
* * * LOW HITPOINT WARNING * * *
The gnoll attacks as you move away! The gnoll closely misses you. x3
As you read the scroll labelled BOUXKA IKEFYE, it crumbles to dust.
It is a scroll of identify.
g - 3 potions of flight The gnoll hits you with a +0 flail.
* * * LOW HITPOINT WARNING * * *
The gnoll barely misses you. The gnoll misses you.
Okay, then.
As you read the scroll labelled PEZUDGH TY OFO, it crumbles to dust.
You feel strangely unstable.
It was a scroll of teleportation.
The gnoll hits you with a +0 flail.
* * * LOW HITPOINT WARNING * * *
The gnoll hits you from afar with a +0 spear.
* * * LOW HITPOINT WARNING * * *
The gnoll hits you with a +0 flail.
You die...
Xom titters!

##..........###
#..........##
##........g##
#..........##
##..........#
#..........##
##...#####.g######
##..## ##gg##..#
#..#### ###g@...#
#.....## #......##
#####..#
#.###.<########
##.###..##...#.....##
#.........#.........
#..####)...#.....###
#....####......###
#......####..###
##.......#####


You could see a gnoll shaman and 4 gnolls.

Vanquished Creatures
  A necrophage (D:4)
  Terence (D:3)
  2 iguanas (D:4)
  Robin (D:2)
  A gnoll (D:5)
  4 adders
  2 worms (D:2)
  3 dart slugs
  4 orcs
  4 ball pythons
  2 endoplasms
  4 giant cockroaches
  17 goblins
  9 hobgoblins
  A jackal (D:3)
  7 kobolds
  3 quokkas
  4 bats
  2 frilled lizards (D:1)
  4 rats
76 creatures vanquished.

Vanquished Creatures (collateral kills)
  A goblin (D:1)
1 creature vanquished.

Vanquished Creatures (others)
  A giant cockroach (D:3)
  A ball python zombie (D:1)
2 creatures vanquished.

Grand Total: 79 creatures vanquished

Notes
Turn   | Place    | Note
-------+----------+-------------------------------------------
     0 | D:1      | Lekart the Draconian Chaos Knight began the quest for the
                  | Orb.
     0 | D:1      | Reached XP level 1. HP: 19/19 MP: 1/1
    80 | D:1      | XOM: divination: magic mapping
   308 | D:1      | Reached XP level 2. HP: 26/26 MP: 2/2
   763 | D:1      | XOM: divination: detect creatures
  1035 | D:2      | Reached XP level 3. HP: 17/33 MP: 3/3
  1691 | D:2      | Reached skill level 1 in Evocations
  1940 | D:2      | Noticed Robin
  1946 | D:2      | Reached XP level 4. HP: 34/40 MP: 4/4
  2051 | D:2      | Killed Robin
  2198 | D:2      | XOM: silly message
  2837 | D:3      | XOM: cloud trail
  2897 | D:3      | Noticed Terence
  2903 | D:3      | XOM: butterfly on damage
  2904 | D:3      | Gained mutation: Your system is resistant to poisons.
                  | (rPois) [potion of mutation]
  2904 | D:3      | Gained mutation: You are dopey. (Int -2) [potion of
                  | mutation]
  2904 | D:3      | Gained mutation: Your flesh is heat resistant. (rF+)
                  | [potion of mutation]
  2911 | D:3      | XOM: confuse monster(s)
  2912 | D:3      | Killed Terence
  2913 | D:3      | Reached skill level 1 in Throwing
  2913 | D:3      | Reached XP level 5. HP: 20/46 MP: 5/5
  2925 | D:3      | Noticed a glowing shapeshifter
  2926 | D:3      | Noticed a swamp dragon
  2926 | D:3      | a glowing shapeshifter changed into a swamp dragon
  2948 | D:3      | XOM: 3-stop teleportation journey
  2962 | D:4      | XOM: divination: magic mapping
  3056 | D:3      | XOM: divination: detect creatures
  3114 | D:3      | XOM: confusion (+ monsters)
  3236 | D:4      | XOM: confuse monster(s)
  3245 | D:4      | Found a staircase to the Ecumenical Temple.
  3265 | D:4      | XOM: god gift: fustibalus {god gift}
  3325 | D:4      | Found a bloodstained altar of Trog.
  3347 | D:4      | XOM: 3-stop teleportation journey
  3363 | Temple   | Entered the Ecumenical Temple
  3407 | Temple   | XOM: scenery: summon butterflies
  3860 | D:4      | XOM: potion effect (heal wounds)
  3867 | D:4      | Reached XP level 6. HP: 34/53 MP: 6/6
  3868 | D:4      | XOM: cloud trail
  4038 | D:4      | Found a snail-covered altar of Cheibriados.
  4085 | D:4      | XOM: give mutations
  4085 | D:4      | Lost mutation: Your flesh is heat resistant. (rF+) [Xom's
                  | mischief]
  4085 | D:4      | Gained mutation: You possess an exceptional clarity of
                  | mind. [Xom's mischief]
  4085 | D:4      | Gained mutation: You are weak. (Str -2) [Xom's mischief]
  4085 | D:4      | Gained mutation: You are frail. (-10% HP) [Xom's mischief]
  4121 | D:5      | Entered Level 5 of the Dungeon
  4228 | D:5      | Learned a level 3 spell: Ozocubu's Armour
  4229 | D:5      | XOM: 1-stop teleportation journey
  4259 | D:5      | HP: 2/47 [gnoll/+0 spear[a gnoll shaman] (1)]
  4259 | D:5      | Slain by a gnoll

Illustrated notes

Levels and vault maps discovered:
D:1:      minmay_arrival_wavy_path, layout_loops_ring
D:2:      minmay_chambers_of_ones, layout_basic, uniq_robin
D:3:      layout_loops_ring, serial_shops, nicolae_shop_stone,
          uniq_crazy_yiuf_cottage, uniq_jessica, uniq_terence
D:4:      cheibrodos_old_hovel, layout_basic, general_overflow_altar,
          overflow_temple_1_default, minmay_temple_entry_mist, st_stairs_4,
          abandoned_shop
D:5:      layout_cave_pods, marbit_many_paths, nicolae_overflow_hidden_temple,
          minmay_misc_feat_x, kennysheep_another_room, hangedman_decor_riveting,
          uniq_blork_the_orc
Temple:   regret_index_temple_sphere_string

Skill      XL: |  1  2  3  4  5 |
---------------+----------------+-----
Fighting       | 4 |  4.6
Evocations     | 1 |  1.3
Throwing       | 1 |  1.0
Dodging        | 3 |  3.5
Long Blades    | 4 |  4.7
Ice Magic      | |  0.4

Action                   |  1- 3 |  4- 6 || total
-------------------------+-------+-------++-------
Melee: Falchion          |    99 |   115 ||   214
       Tailslap          |    14 |    15 ||    29
       Punch             |       |     2 ||     2
Throw: Dart              |    20 |     2 ||    22
Evoke: Piece from Xom's  |    16 |     3 ||    19
  Use: Potion            |       |     1 ||     1
       Scroll            |       |     3 ||     3
 Stab: Paralysed         |     2 |       ||     2
       Petrified         |     2 |       ||     2
       Confused          |       |     2 ||     2
       Sleeping          |       |     1 ||     1
Armor: Skin              |    49 |    48 ||    97
Dodge: Dodged            |    65 |    93 ||   158

Table legend: (Time is in decaauts)
 A = Elapsed time spent in this place.
 B = Non-inter-level travel time spent in this place.
 C = Inter-level travel time spent in this place.
 D = Time resting spent in this place.
 E = Time spent auto-exploring this place.
 F = Levels seen in this place.
 G = Mean time per level.
                   A        B        C        D        E       F      G
               +--------+--------+--------+--------+--------+-----+--------+
         Total |   4290 |   4163 |    127 |    561 |   2908 |   6 |  715.0 |
       Dungeon |   4142 |   4023 |    119 |    561 |   2782 |   5 |  828.4 |
        Temple |    147 |    139 |      8 |      0 |    126 |   1 |  147.0 |
               +--------+--------+--------+--------+--------+-----+--------+

Top non-repeatable levels by time:
     D:2: 1594 daAuts
     D:1: 1109 daAuts
     D:4: 752 daAuts
     D:3: 548 daAuts
  Temple: 147 daAuts
     D:5: 138 daAuts
